 Dungeon Crawl Stone Soup version 0.25.0-11-g1f837a76a1 (webtiles) character file.

Game seed: 1882426532355172482

417 VeryBadPlayer the Changer (level 6, -1/41 HPs)
             Began as an Octopode Transmuter on June 26, 2020.
             Killed by divine providence
             ... invoked by an orc priest
              (15 damage)
             ... on level 4 of the Dungeon.
             The game lasted 00:07:45 (4989 turns).

VeryBadPlayer the Changer (Octopode Transmuter)     Turns: 4989, Time: 00:07:45

Health: -1/41      AC:  1    Str: 15    XL:     6   Next: 92%
Magic:  9/10       EV: 14    Int: 17    God:
Gold:   105        SH:  0    Dex: 13    Spells: 10/11 levels left

rFire    . . .     SeeInvis .     - Unarmed
rCold    . . .     Gourm    .   (no shield)
rNeg     . . .     Faith    .   (helmet restricted)
rPois    .         Spirit   .   (no amulet)
rElec    .         Reflect  .   b - +6 ring of strength
rCorr    .         Harm     .   (no ring)
MR       .....                  (no ring)
Stlth    ++........             (no ring)
HPRegen  0.13/turn              (no ring)
MPRegen  0.12/turn              (no ring)
                                (no ring)
                                (no ring)

@: brilliant, appendage
A: almost no armour, stealthy swim, amphibious, 8 rings, constrict 8, tentacle
spike 3, camouflage 1, gelatinous body 1
a: End Transformation


You were on level 4 of the Dungeon.
You were not hungry.
One of your tentacles had a temporary spike.
You visited 1 branch of the dungeon, and saw 4 of its levels.

You collected 105 gold pieces.

Inventory:

Missiles
 a - 12 arrows
 p - 6 poisoned darts (quivered)
Jewellery
 b - a +6 ring of strength (left tentacle)
Wands
 o - a wand of flame (9)
Scrolls
 d - 3 scrolls of identify
 e - 3 scrolls of magic mapping
 h - 2 scrolls of random uselessness {unknown}
 j - a scroll of immolation {unknown}
 m - 2 scrolls of teleportation {unknown}
 q - 2 scrolls of amnesia {unknown}
Potions
 f - a potion of ambrosia {unknown}
 g - a potion of stabbing {unknown}
 i - a potion of resistance {unknown}
 k - a potion of brilliance
 l - a potion of curing
 n - a potion of haste {unknown}
Comestibles
 c - 7 rations
 r - a chunk of flesh


   Skills:
 + Level 2.6 Fighting
 + Level 3.4 Dodging
 + Level 4.0 Unarmed Combat
 + Level 3.1 Spellcasting
 * Level 4.5 Transmutations


You had 10 spell levels left.
You knew the following spells:

 Your Spells              Type           Power        Failure   Level  Hunger
a - Beastly Appendage     Tmut           ####..       2%          1    None

Your spell library contained the following spells:

 Spells                   Type           Power        Failure   Level  Hunger
 Sticks to Snakes         Tmut           ####....     4%          2    None
 Spider Form              Tmut/Pois      ###.......   21%         3    None
 Ice Form                 Ice/Tmut       ###.....     56%         4    None
 Blade Hands              Tmut           ####......   58%         5    None


Dungeon Overview and Level Annotations

Branches:
Dungeon (4/15)
 Temple: D:4-7

Altars:
Nemelex Xobeh
Trog
Vehumet


Innate Abilities, Weirdness & Mutations

You cannot wear most types of armour.
You are very stealthy in the water. (Stealth+)
You are amphibious.
You can wear up to eight rings at the same time.
You can use your tentacles to constrict eight enemies at once.
Your skin changes colour to match your surroundings (Stealth+).
Your rubbery body absorbs attacks. (AC +1, EV +1)
One of your tentacles bears a large vicious spike.


Message History

You bludgeon the orc!
You kill the orc!
* * * LOW HITPOINT WARNING * * *
You feel sick.
Unknown command.
It was a potion of curing.
You feel better.
Casting: Beastly Appendage (safe; 2% risk of failure)
Confirm with . or Enter, or press ? or * to list all spells.
You feel a surge of power!
One of your tentacles grows a vicious spike.
The orc hits you but does no damage.
Items here: ! $ ) ? † a +0 war axe of venom; a dark potion; a scroll of identify; 22 gold pieces an orc corpse You tentacle-slap the orc but do no damage.
You grab the orc.
You pierce the orc, but do no damage.
You constrict the orc. The orc closely misses you.
The orc priest mumbles some strange prayers to Beogh against you.
Beogh smites you!
You die...

..... ..
.#....o.goo.>+
....## ..
.....#####.###
###..#
#.#._.#? ...#
### #..# #....
##### #.# #..
#...# #.#
#.#+## .# ...
#.#
###....##.#
#o# #.#
.......##.#
#o# #.#
####...##.#
#@# #..
#....#.# #.#
### #....#.#
####+###
#....#.#
#......#
#......#
#......#
#####..#
#......# #..#
#......# ##.#
#......# #.#
#..W...#


You could see an orc priest and an orc.

Vanquished Creatures
  2 orc wizards (D:4)
  3 orc priests
  A worker ant (D:4)
  2 iguanas
  Natasha (thrice) (D:2)
  A hound skeleton (D:4)
  A gnoll (D:1)
  2 adders (D:2)
  An ooze (D:1)
  An adder zombie (D:4)
  3 worms (D:2)
  A dart slug (D:1)
  2 leopard geckos
  4 orcs
  3 giant cockroaches
  11 goblins
  8 hobgoblins
  4 jackals (D:2)
  2 bats
  5 frilled lizards
  5 kobolds
  8 rats
73 creatures vanquished.

Notes
Turn   | Place    | Note
-------+----------+-------------------------------------------
     0 | D:1      | VeryBadPlayer the Octopode Transmuter began the quest for
                  | the Orb.
     0 | D:1      | Reached XP level 1. HP: 13/13 MP: 3/3
    41 | D:1      | Reached XP level 2. HP: 7/18 MP: 3/5
   544 | D:1      | Reached XP level 3. HP: 23/23 MP: 6/6
  1836 | D:2      | Noticed Natasha
  1872 | D:2      | Killed Natasha
  1872 | D:2      | Reached XP level 4. HP: 14/29 MP: 5/7
  2314 | D:2      | Noticed Natasha
  2319 | D:2      | Killed Natasha
  2319 | D:2      | Reached XP level 5. HP: 20/34 MP: 6/8
  2777 | D:2      | Noticed Natasha
  2785 | D:2      | Killed Natasha
  3200 | D:3      | Found a faded altar of an unknown god.
  3303 | D:3      | Found a bloodstained altar of Trog.
  3405 | D:3      | Noticed an ogre
  3405 | D:3      | Noticed an ogre
  3688 | D:3      | Found a sparkling altar of Nemelex Xobeh.
  3846 | D:4      | Noticed an orc warrior
  3948 | D:3      | Reached XP level 6. HP: 22/39 MP: 8/10
  4970 | D:4      | Noticed a phantom
  4974 | D:4      | Found a radiant altar of Vehumet.
  4989 | D:4      | Killed from afar by an orc priest

Illustrated notes

Levels and vault maps discovered:
D:1:      lightli_iron_boxes, layout_loops_ring, minmay_hexomino_f4
D:2:      layout_basic, first_ration, uniq_natasha
D:3:      layout_basic, nemelex_xobeh_ov_fountains_minmay,
          lightli_temple_of_fire, chequers_ecumenical_altar_grove,
          lightli_corner_chamber
D:4:      layout_basic, vehumet_altar_wand_db, grunt_dithmenos_shadows

Skill      XL: |  1  2  3  4  5  6 |
---------------+-------------------+-----
Transmutations | 3 4 |  4.5
Fighting       | 2 |  2.6
Dodging        | 3 |  3.4
Spellcasting   | 3 |  3.1
Unarmed Combat | 4 |  4.0

Action                   |  1- 3 |  4- 6 || total
-------------------------+-------+-------++-------
Melee: Unarmed           |    77 |   123 ||   200
       Constrict         |    18 |    31 ||    49
       Kick              |     2 |    31 ||    33
       Tentacles         |    12 |    22 ||    34
       Punch             |       |     2 ||     2
Throw: Dart              |       |     2 ||     2
 Cast: Beastly Appendage |     4 |    20 ||    24
  Use: Potion            |       |     2 ||     2
       Scroll            |       |     1 ||     1
 Stab: Sleeping          |     8 |     4 ||    12
  Eat: Chunk             |     3 |     6 ||     9
       Ration            |       |     1 ||     1
Armor: Skin              |     3 |     3 ||     6
Dodge: Dodged            |    33 |    57 ||    90
